 Dungeon Crawl Stone Soup version 0.29.1-13-g9f3cf754e1 (webtiles) character file.

Game seed: 15186430566534439477

50117 promet the Thaumaturge (level 14, -1/81 HPs)
             Began as a Deep Elf Conjurer on Jan 28, 2023.
             Was the Champion of Jiyva.
             Slain by a death yak (17 damage)
             ... on level 5 of the Lair of Beasts on Jan 30, 2023.
             The game lasted 03:40:42 (21023 turns).

promet the Thaumaturge (Deep Elf Conjurer)         Turns: 21023, Time: 03:40:43

Health: -1/81      AC: 11    Str: 12    XL:     14   Next: 18%
Magic:  0/32       EV: 19    Int: 23    God:    Jiyva [******]
Gold:   423        SH:  0    Dex: 19    Spells: 19/38 levels left

rFire   + . .      SeeInvis .   d - +3 scythe (freeze)
rCold   + . .      Faith    .   (shield currently unavailable)
rNeg    . . .      Spirit   +   y - +2 troll leather armour
rPois   +          Reflect  .   (helmet restricted)
rElec   .          Harm     .   t - scarf {+Inv}
rCorr   +          Rampage  .   j - +2 pair of gloves
Will    +....                   p - +2 pair of boots
Stlth   ++++++....              l - amulet of guardian spirit
HPRegen 2.63/turn               g - ring of protection from cold
MPRegen 0.73/turn               G - ring of protection from fire

@: no status effects
A: beak, camouflage 1, agile 2, poison resistance, robust 2, strong 2,
gelatinous body 1, pseudopods 1, engulf
a: Renounce Religion, Evoke Invisibility, Oozemancy, Slimify


You were on level 5 of the Lair of Beasts.
You worshipped Jiyva.
Jiyva was exalted by your worship.
You visited 2 branches of the dungeon, and saw 16 of its levels.

You collected 423 gold pieces.

Inventory:

Hand Weapons
 a - the +7 mace of the Majestic God {freeze, rElec rPois Int-2 Dex+2}
   (You found it on level 2 of the Dungeon)

   It freezes those it strikes, dealing additional cold damage.
   It can also slow down cold-blooded creatures.
   Int:       It affects your intelligence (-2).
   Dex:       It affects your dexterity (+2).
   rElec:     It insulates you from electricity.
   rPois:     It protects you from poison.
 b - a +0 arbalest of venom
 c - the +6 hand axe of the Inferno {vorpal, rCorr Dex+3}
   (You found it on level 5 of the Dungeon)

   It inflicts extra damage upon your enemies.
   Dex:       It affects your dexterity (+3).
   rCorr:     It protects you from acid and corrosion.
 d - a +3 scythe of freezing (weapon)
 k - a +0 vorpal dagger
 n - a +3 whip of protection
 q - a +3 trident of flaming
 s - a +0 whip of venom
 A - the +8 spear "Olyos" {flame, *Corrode rElec rF+ Dex+4}
   (You took it off a naga on level 2 of the Lair of Beasts)

   It burns those it strikes, dealing additional fire damage.
   Dex:       It affects your dexterity (+4).
   rF:        It protects you from fire.
   rElec:     It insulates you from electricity.
   *Corrode:  It may corrode you when you take damage.
 J - a +4 long sword of electrocution
Missiles
 h - 68 stones
 m - 5 silver boomerangs
 o - 25 poisoned darts
 v - 2 boomerangs
 F - a boomerang of dispersal
 L - 3 curare-tipped darts
Armour
 j - a +2 pair of gloves (worn)
 p - a +2 pair of boots (worn)
 t - a scarf of invisibility (worn)
 y - a +2 troll leather armour (worn)
Jewellery
 g - a ring of protection from cold (left hand)
 l - an amulet of guardian spirit (around neck)
 z - the ring "Aguod" {rElec rPois rN+ Str-2 Int+9}
   (You took it off an orc knight on level 11 of the Dungeon)

   [ring of positive energy]

   Str:       It affects your strength (-2).
   Int:       It affects your intelligence (+9).
   rElec:     It insulates you from electricity.
   rPois:     It protects you from poison.
   rN:        It protects you from negative energy.
 G - a ring of protection from fire (right hand)
 I - a ring of flight
Wands
 i - a wand of flame (17)
 u - a wand of polymorph (5)
Scrolls
 B - a scroll of magic mapping
 D - a scroll of butterflies
 K - a scroll of amnesia
 M - a scroll of teleportation
Potions
 e - a potion of degeneration {unknown}
 f - a potion of curing
 r - 2 potions of attraction
 w - a potion of magic
 x - a potion of flight
 C - a potion of brilliance
 E - a potion of lignification {unknown}
 H - a potion of heal wounds


   Skills:
 + Level 6.8(9.7) Axes
 + Level 6.8(8.0) Maces & Flails
 + Level 6.8(7.9) Polearms
 + Level 10.1 Ranged Weapons
 + Level 10.8 Dodging
 + Level 11.6 Stealth
 * Level 12.7 Spellcasting
 + Level 10.5 Conjurations
 + Level 6.6 Evocations


You had 19 spell levels left.
You knew the following spells:

 Your Spells              Type           Power      Damage    Failure   Level
a - Magic Dart            Conj           100%       1d8       1%          1
b - Poisonous Vapours     Pois/Air       28%        N/A       9%          2
c - Searing Ray           Conj           100%       2d8       1%          2
d - Fulminant Prism       Conj/Hex       19%        3d11      6%          4
e - Stone Arrow           Conj/Erth      78%        3d11      1%          3
f - Ignite Poison         Fire/Tmut/Pois 14%        N/A       16%         3
g - Iskenderun's Mystic   Conj/Tloc      39%        2d9       6%          4

Your spell library contained the following spells:

 Spells                   Type           Power      Damage    Failure   Level
 Dazzling Flash           Conj/Hex       78%        N/A       1%          3
 Slow                     Hex            56%        N/A       5%          1
 Sting                    Tmut/Pois      56%        1d5       5%          1
 Sublimation of Blood     Necr           14%        N/A       9%          2
 Wereblood                Tmut           14%        N/A       9%          2
 Summon Guardian Golem    Hex/Summ       14%        N/A       16%         3
 Irradiate                Conj/Tmut      19%        3d18      17%         5
 Animate Armour           Summ/Erth      28%        N/A       47%         4
 Olgreb's Toxic Radiance  Pois           14%        N/A       47%         4
 Alistair's Intoxication  Tmut/Pois      9%         N/A       83%         5
 Blade Hands              Tmut           7%         N/A       83%         5
 Dragon Form              Tmut           7%         N/A       100%        7
 Summon Hydra             Summ           7%         N/A       100%        7
 Lehudib's Crystal Spear  Conj/Erth      19%        10d6      100%        8


Dungeon Overview and Level Annotations

Branches:
Dungeon (11/15)            Temple (0/1) D:6            Lair (5/5) D:8
  Swamp (0/4) Lair:2        Snake (0/4) Lair:2        Slime (0/5) Lair:5
    Orc: D:9-12

Altars:
Kikubaaqudgha
Okawaru
Qazlal
Sif Muna
Trog
Vehumet
Yredelemnul
Zin
Jiyva

Shops:
D:1 ::   D:10 [

Annotations:
D:4 3 runed translucent doors, AverageBear's ghost, weakling FoDe
D:7 3 runed translucent doors, Jingleheimer's ghost, novice OpBe; hikkokomori's ghost, novice OpCj; sigtrap's ghost, novice KoBr; zlionsfan's ghost, novice KoHu
D:11 2 transporters, SirLogeyBear's ghost, journeyman HOBe
Lair:3 2 transporters, Ceyvaan's ghost, journeyman DEFE
Lair:5 1 runed translucent door


Innate Abilities, Weirdness & Mutations

You have a beak for a mouth.
Your skin changes colour to match your surroundings (Stealth+).
You are very agile. (Dex +8, Str/Int -2)
Your system is resistant to poisons. (rPois)
You are very robust. (+20% HP)
Your muscles are very strong. (Str +8, Int/Dex -2)
Your rubbery body absorbs attacks. (AC +1, EV +1)
Armour fits poorly on your pseudopods.
Your melee attacks may engulf your foes in ooze.


Message History

The death yak is moderately wounded.
The death yak gores you!
Casting: Fulminant Prism (dangerous; 6% risk of failure)
Confirm with . or Enter, or press ? or * to list all spells.
Aiming: Stone Arrow (safe; 1% risk of failure)
Press: ? - help, Shift-Dir - straight line, f - death yak
Aim: a death yak (moderately wounded, 91% to hit)
The stone arrow misses the death yak.
The death yak closely misses you.
Casting: Stone Arrow (safe; 1% risk of failure)
Confirm with . or Enter, or press ? or * to list all spells.
Aiming: Stone Arrow (safe; 1% risk of failure)
Press: ? - help, Shift-Dir - straight line, f/p - death yak
Aim: a death yak (moderately wounded, 91% to hit)
The stone arrow hits the death yak!!
The death yak is heavily wounded.
The death yak closely misses you.
Okay, then.
Casting: Stone Arrow (safe; 1% risk of failure)
Confirm with . or Enter, or press ? or * to list all spells.
Aiming: Poisonous Vapours (safe; 9% risk of failure)
Press: ? - help, Dir - move target, f/p - death yak
Aim: a death yak (heavily wounded) Poisonous vapours surround the death yak!
The death yak is poisoned.
The death yak completely misses you. The death yak attacks as you move away!
The death yak gores you! The death yak attacks as you move away!
The death yak gores you!!
* * * LOW HITPOINT WARNING * * *
You slash the death yak! You freeze the death yak.
The death yak is severely wounded.
The death yak closely misses you.
You hit the death yak. You freeze the death yak.
You bludgeon the death yak, but do no damage.
The death yak is severely wounded.
The death yak gores you!!
* * * LOW HITPOINT WARNING * * *
You hit the death yak but do no damage.
You bludgeon the death yak, but do no damage.
The death yak is severely wounded.
The death yak looks more healthy.
The death yak gores you!!
You die...

...## ##### ##### ### ##..##
#P##.##...####.#### ##..##
#####..##.............### #...#
#..#..................#P. ##†.#
##.......................
#..###........................
#...#.........................
##.P.#.........................
#...Y##......Y@....#...........
##.....##....###.#######..P.....
##.......##.### ### ####.###....
..............# ###.#### ####.
.........♣....# #PP.# ##
#.P.........### ##...# ### ##
##..†....P.## ###P...###.# ###.
.###.......## ###P........## #...
...##.......###..P.........###...


You could see a death yak.

Vanquished Creatures
  Josephine (D:10)
  11 hydras
  A catoblepas (Lair:5)
  2 two-headed ogres (D:11)
  4 death yaks (Lair:5)
  A tengu warrior (D:11)
  A fire crab (Lair:5)
  An ugly thing (D:11)
  2 cyclopes (D:11)
  27 elephants
  5 black mambas
  A moth of wrath (D:11)
  A torpor snail (Lair:1)
  4 cane toads
  An unseen horror (D:8)
  A kobold demonologist (D:11)
  A yaktaur (shapeshifter) (D:10)
  3 komodo dragons
  3 polar bears
  3 trolls
  A hornet (D:8)
  12 blink frogs
  Sigmund (D:6)
  50 yaks
  5 basilisks
  5 wraiths (D:10)
  5 wyverns
  6 vampire mosquitoes
  2 steam dragons
  15 water moccasins
  6 orc warriors
  2 sky beasts (D:7)
  An ice beast (D:7)
  8 wolves
  3 ogres
  4 kobold brigands
  2 phantoms
  5 bullfrogs
  Blork the orc (D:6)
  A gnoll sergeant (D:7)
  2 scorpions
  9 killer bees
  6 howler monkeys
  2 orc priests
  2 hounds (D:5)
  3 iguanas
  9 orc wizards
  4 adders
  17 gnolls
  2 shadow imps
  2 worms
  A dart slug (D:4)
  15 orcs
  An endoplasm (D:1)
  A giant cockroach (D:3)
  6 goblins
  3 hobgoblins
  6 jackals
  12 kobolds
  A quokka (D:1)
  3 ball pythons
  2 bats
  3 frilled lizards
  3 rats
324 creatures vanquished.

Vanquished Creatures (collateral kills)
  A catoblepas (Lair:5)
  A skeletal warrior (D:11)
  An orc knight (D:11)
  An elephant (Lair:2)
  A gargoyle (D:9)
  A rime drake (Lair:2)
  A troll (D:9)
  A yak (D:7)
  2 nagas (Lair:2)
  An orc (D:7)
  A ball python (D:1)
  A frilled lizard (D:1)
13 creatures vanquished.

Vanquished Creatures (others)
  A cyclops (D:11)
  An unseen horror (D:11)
  A kobold demonologist (D:11)
  A slime creature (D:11)
  A shadow (D:11)
  2 yaks (Lair:1)
  A vampire mosquito (D:11)
  Menkaure (D:6)
  A naga (Lair:2)
  A water moccasin (Lair:4)
  3 black bears
  A wolf (Lair:5)
  2 centaurs
  4 bullfrogs
  A gnoll sergeant (D:7)
  2 killer bees
  2 howler monkeys
  2 hounds
  95 jellies
  Terence (D:2)
  6 orc wizards
  2 gnolls (D:6)
  3 adders
  2 worms (D:11)
  2 dart slugs
  An endoplasm (D:1)
  11 orcs
  2 goblins
  2 hobgoblins
  3 quokkas
  4 ball pythons
  2 frilled lizards
  3 kobolds
  3 rats
  30 fulminant prisms
  102 fungi
  117 plants
419 creatures vanquished.

Grand Total: 756 creatures vanquished

Notes
Turn   | Place    | Note
-------+----------+-------------------------------------------
     0 | D:1      | promet the Deep Elf Conjurer began the quest for the Orb.
     0 | D:1      | Reached XP level 1. HP: 10/10 MP: 6/6
   114 | D:1      | Reached XP level 2. HP: 14/15 MP: 1/8
   191 | D:1      | Learned a level 2 spell: Poisonous Vapours
   287 | D:1      | Found a faded altar of an unknown god.
   338 | D:1      | Prayed at the altar of an unknown god.
   338 | D:1      | Became a worshipper of Jiyva Joafat the Shapeless
   338 | D:1      | Reached * piety under Jiyva
   493 | D:1      | Found Reschica's Book Shoppe.
   823 | D:1      | Found Iseqaxtu's Book Boutique.
   998 | D:2      | Reached ** piety under Jiyva
  1042 | D:2      | Killed Terence
  1284 | D:2      | Identified the +7 mace of the Majestic God {freeze, rElec
                  | rPois Int-2 Dex+2}
  1333 | D:2      | Reached *** piety under Jiyva
  1392 | D:2      | Gained mutation: You expend magic power (3 MP) to
                  | strengthen your wands. [Jiyva's grace]
  1392 | D:2      | Gained mutation: You are robust. (+10% HP) [Jiyva's grace]
  1392 | D:2      | Gained mutation: You are very robust. (+20% HP) [Jiyva's
                  | grace]
  1392 | D:2      | Gained mutation: You are extremely robust. (+30% HP)
                  | [Jiyva's grace]
  1863 | D:3      | Reached **** piety under Jiyva
  1870 | D:3      | Learned a level 2 spell: Searing Ray
  1882 | D:3      | Reached XP level 3. HP: 24/24 MP: 10/10
  1900 | D:3      | Found a shimmering blue altar of Sif Muna.
  1944 | D:3      | Found an iron altar of Okawaru.
  1944 | D:3      | Found an ancient bone altar of Kikubaaqudgha.
  1950 | D:3      | Found a basalt altar of Yredelemnul.
  1969 | D:3      | Reached skill level 4 in Spellcasting
  2458 | D:3      | Reached XP level 4. HP: 31/31 MP: 9/12
  2473 | D:3      | Reached skill level 1 in Maces & Flails
  2681 | D:4      | Noticed an ogre
  2713 | D:4      | Noticed an ogre
  2714 | D:4      | Reached ***** piety under Jiyva
  2829 | D:4      | Noticed a phantom
  2846 | D:4      | Killed a phantom
  2847 | D:4      | Reached skill level 5 in Spellcasting
  2847 | D:4      | Reached XP level 5. HP: 36/36 MP: 9/14
  2979 | D:4      | Killed an ogre
  2980 | D:4      | Reached skill level 5 in Conjurations
  2980 | D:4      | Reached XP level 6. HP: 41/41 MP: 13/16
  3079 | D:4      | Found a runed translucent gate.
  3080 | D:4      | Found a runed translucent gate.
  3081 | D:4      | Found a runed translucent gate.
  3279 | D:4      | Noticed AverageBear's ghost (weakling FoDe)
  3347 | D:4      | Found a bloodstained altar of Trog.
  3464 | D:4      | Found a glowing drain.
  3536 | D:5      | Entered Level 5 of the Dungeon
  3550 | D:5      | Lost mutation: You are extremely robust. (+30% HP) [Jiyva's
                  | grace]
  3550 | D:5      | Gained mutation: You have acidic saliva. [Jiyva's grace]
  3550 | D:5      | Gained mutation: Your rubbery body absorbs attacks. (AC +1,
                  | EV +1) [Jiyva's grace]
  3550 | D:5      | Gained mutation: Your pliable body absorbs attacks. (AC +2,
                  | EV +2) [Jiyva's grace]
  3550 | D:5      | Gained mutation: Your gelatinous body deflects attacks. (AC
                  | +3, EV +3) [Jiyva's grace]
  3757 | D:5      | Found a radiant altar of Vehumet.
  3764 | D:5      | Reached skill level 6 in Spellcasting
  3764 | D:5      | Found a glowing silver altar of Zin.
  3797 | D:5      | Identified the +6 hand axe of the Inferno {vorpal, rCorr
                  | Dex+3}
  4015 | D:5      | Noticed a water moccasin
  4065 | D:6      | Noticed Sigmund
  4078 | D:6      | Killed Sigmund
  4079 | D:6      | Reached skill level 1 in Axes
  4079 | D:6      | Reached XP level 7. HP: 41/43 MP: 15/18
  4522 | D:6      | Found a staircase to the Ecumenical Temple.
  4542 | D:6      | Reached skill level 1 in Polearms
  4584 | D:6      | Killed Menkaure
  4799 | D:6      | Reached ****** piety under Jiyva
  4808 | D:6      | Noticed Blork the orc
  4821 | D:6      | Killed Blork the orc
  4822 | D:6      | Reached skill level 5 in Stealth
  5057 | D:7      | Reached XP level 8. HP: 49/49 MP: 16/20
  5127 | D:7      | Reached skill level 7 in Spellcasting
  5171 | D:7      | Reached skill level 5 in Dodging
  5882 | D:7      | Found a runed translucent gate.
  5882 | D:7      | Found a runed translucent gate.
  5882 | D:7      | Found a runed translucent gate.
  5882 | D:7      | Noticed Jingleheimer's ghost (novice OpBe)
  5883 | D:7      | Lost mutation: You have acidic saliva. [Jiyva's grace]
  5883 | D:7      | Lost mutation: Your gelatinous body deflects attacks. (AC
                  | +3, EV +3) [Jiyva's grace]
  5883 | D:7      | Lost mutation: You expend magic power (3 MP) to strengthen
                  | your wands. [Jiyva's grace]
  5883 | D:7      | Gained mutation: Your system is resistant to poisons.
                  | (rPois) [Jiyva's grace]
  5883 | D:7      | Gained mutation: You are covered in slimy tendrils that may
                  | disarm your opponents. [Jiyva's grace]
  5883 | D:7      | Gained mutation: You possess an exceptional clarity of
                  | mind. [Jiyva's grace]
  5883 | D:7      | Gained mutation: Your melee attacks may engulf your foes in
                  | ooze. [Jiyva's grace]
  5883 | D:7      | Noticed hikkokomori's ghost (novice OpCj)
  5883 | D:7      | Noticed zlionsfan's ghost (novice KoHu)
  5883 | D:7      | Noticed sigtrap's ghost (novice KoBr)
  5984 | D:8      | Noticed a hornet
  6149 | D:7      | Reached XP level 9. HP: 54/54 MP: 22/22
  6657 | D:7      | Reached skill level 8 in Spellcasting
  6917 | D:8      | Learned a level 4 spell: Fulminant Prism
  6946 | D:8      | Paralysed by a hornet for 1 turns
  7011 | D:8      | Killed an unseen horror
  7264 | D:8      | Found a staircase to the Lair.
  7575 | D:9      | Noticed a gargoyle
  7587 | D:9      | Killed a gargoyle
  7588 | D:9      | Reached skill level 1 in Ranged Weapons
  7596 | D:9      | Noticed a troll
  7603 | D:9      | Killed a troll
  7604 | D:9      | Reached skill level 9 in Spellcasting
  7604 | D:9      | Reached XP level 10. HP: 60/60 MP: 23/25
  8610 | D:9      | Lost mutation: You possess an exceptional clarity of mind.
                  | [Jiyva's grace]
  8610 | D:9      | Lost mutation: Your pliable body absorbs attacks. (AC +2,
                  | EV +2) [Jiyva's grace]
  8610 | D:9      | Lost mutation: You are covered in slimy tendrils that may
                  | disarm your opponents. [Jiyva's grace]
  8610 | D:9      | Gained mutation: You are strong-willed. (Will+) [Jiyva's
                  | grace]
  8610 | D:9      | Gained mutation: You are highly strong-willed. (Will++)
                  | [Jiyva's grace]
  8610 | D:9      | Gained mutation: You are extremely strong-willed. (Will+++)
                  | [Jiyva's grace]
  8610 | D:9      | Gained mutation: Your translucent skin slightly reduces
                  | your foes' accuracy. (Stealth+) [Jiyva's grace]
  8804 | D:10     | Entered Level 10 of the Dungeon
  9205 | D:10     | Found a stormy altar of Qazlal.
  9278 | D:10     | Reached skill level 5 in Ranged Weapons
  9408 | D:10     | Noticed Josephine
  9416 | D:10     | Killed Josephine
  9417 | D:10     | Reached XP level 11. HP: 61/64 MP: 22/26
  9430 | D:10     | Reached skill level 10 in Spellcasting
  9847 | D:10     | Found Zughine's Armour Emporium.
  9980 | Lair:1   | Entered Level 1 of the Lair of Beasts
 10092 | Lair:1   | Reached skill level 1 in Evocations
 10273 | Lair:1   | Noticed a five-headed hydra
 10276 | Lair:1   | Reached skill level 5 in Maces & Flails
 10279 | Lair:1   | Reached skill level 5 in Polearms
 10736 | Lair:1   | Reached skill level 5 in Axes
 11065 | Lair:1   | You fall into a shaft and drop 1 floor!
 11065 | Lair:2   | Gained mutation: Armour fits poorly on your pseudopods.
                  | [Jiyva's grace]
 11065 | Lair:2   | Gained mutation: Armour fits poorly on your large
                  | pseudopods. [Jiyva's grace]
 11065 | Lair:2   | Gained mutation: Armour fits poorly on your massive
                  | pseudopods. [Jiyva's grace]
 11065 | Lair:2   | Gained mutation: Your translucent skin reduces your foes'
                  | accuracy. (Stealth+) [Jiyva's grace]
 11335 | Lair:1   | Slimified a five-headed hydra
 11335 | Lair:1   | Noticed an acid blob
 11335 | Lair:1   | a five-headed hydra changed into an acid blob
 12521 | Lair:2   | Identified the +8 spear "Olyos" {flame, *Corrode rElec rF+
                  | Dex+4}
 12534 | Lair:2   | Reached XP level 12. HP: 70/70 MP: 28/28
 12742 | Lair:2   | Found a staircase to the Snake Pit.
 13006 | Lair:2   | Found a staircase to the Swamp.
 13656 | Lair:3   | Reached skill level 11 in Spellcasting
 13808 | Lair:3   | Noticed a five-headed hydra
 13842 | Lair:3   | Noticed a six-headed hydra
 14011 | Lair:3   | Killed a five-headed hydra
 14070 | Lair:3   | Learned a level 3 spell: Stone Arrow
 14189 | Lair:3   | Reached skill level 10 in Stealth
 14214 | Lair:3   | Found a transporter.
 14215 | Lair:3   | Noticed Ceyvaan's ghost (journeyman DEFE)
 14952 | D:11     | Noticed a tengu warrior
 14966 | D:11     | Noticed a five-headed hydra
 14985 | D:11     | Noticed a six-headed hydra
 15070 | D:11     | Found a bloodstained altar of Trog.
 15140 | D:11     | Killed a six-headed hydra
 15151 | D:11     | Killed a tengu warrior
 15196 | D:11     | Lost mutation: You are extremely strong-willed. (Will+++)
                  | [Jiyva's grace]
 15196 | D:11     | Lost mutation: Your translucent skin reduces your foes'
                  | accuracy. (Stealth+) [Jiyva's grace]
 15196 | D:11     | Gained mutation: You have a beak for a mouth. [Jiyva's
                  | grace]
 15196 | D:11     | Lost mutation: Your translucent skin slightly reduces your
                  | foes' accuracy. (Stealth+) [Jiyva's grace]
 15196 | D:11     | Gained mutation: Your skin changes colour to match your
                  | surroundings (Stealth+). [Jiyva's grace]
 15196 | D:11     | Gained mutation: Your skin blends seamlessly with your
                  | surroundings (Stealth++). [Jiyva's grace]
 15196 | D:11     | Gained mutation: Your skin perfectly mimics your
                  | surroundings (Stealth+++). [Jiyva's grace]
 15271 | D:11     | Noticed an eight-headed hydra
 15301 | D:11     | Killed an eight-headed hydra
 15530 | D:11     | Identified the ring "Aguod" {rElec rPois rN+ Str-2 Int+9}
 15647 | D:11     | Killed a five-headed hydra
 15648 | D:11     | Reached XP level 13. HP: 65/75 MP: 13/30
 15718 | D:11     | Found a transporter.
 15723 | D:11     | Found a transporter.
 15723 | D:11     | Noticed SirLogeyBear's ghost (journeyman HOBe)
 15724 | D:11     | Found a bloodstained altar of Trog.
 15852 | D:11     | Reached skill level 5 in Evocations
 16466 | D:11     | Got the Vellum of Remoulded Jinxing
 16471 | D:11     | Learned a level 3 spell: Ignite Poison
 16476 | D:11     | Learned a level 4 spell: Iskenderun's Mystic Blast
 16983 | Lair:3   | Found a transporter.
 17190 | Lair:3   | Reached skill level 10 in Dodging
 17707 | Lair:4   | Reached skill level 10 in Conjurations
 17798 | Lair:4   | Reached skill level 12 in Spellcasting
 18003 | Lair:4   | Lost mutation: Your skin perfectly mimics your surroundings
                  | (Stealth+++). [Jiyva's grace]
 18003 | Lair:4   | Lost mutation: Your skin blends seamlessly with your
                  | surroundings (Stealth++). [Jiyva's grace]
 18003 | Lair:4   | Lost mutation: You are highly strong-willed. (Will++)
                  | [Jiyva's grace]
 18003 | Lair:4   | Lost mutation: You are strong-willed. (Will+) [Jiyva's
                  | grace]
 18003 | Lair:4   | Lost mutation: Armour fits poorly on your massive
                  | pseudopods. [Jiyva's grace]
 18003 | Lair:4   | Lost mutation: Armour fits poorly on your large pseudopods.
                  | [Jiyva's grace]
 18003 | Lair:4   | Gained mutation: Your muscles are strong. (Str +4, Int/Dex
                  | -1) [Jiyva's grace]
 18003 | Lair:4   | Gained mutation: Your muscles are very strong. (Str +8,
                  | Int/Dex -2) [Jiyva's grace]
 18003 | Lair:4   | Gained mutation: You are agile. (Dex +4, Str/Int -1)
                  | [Jiyva's grace]
 18003 | Lair:4   | Gained mutation: You are very agile. (Dex +8, Str/Int -2)
                  | [Jiyva's grace]
 18736 | Lair:5   | Entered Level 5 of the Lair of Beasts
 19937 | Lair:5   | Reached XP level 14. HP: 81/81 MP: 22/32
 20212 | Lair:5   | Reached skill level 10 in Ranged Weapons
 20377 | Lair:5   | Found a runed translucent door.
 20378 | Lair:5   | Found a viscous altar of Jiyva.
 20378 | Lair:5   | Noticed an acid blob
 20380 | Lair:5   | Found a staircase to the Slime Pits.
 20380 | Lair:5   | Noticed an acid blob
 21023 | Lair:5   | Slain by a death yak

Illustrated notes

Levels and vault maps discovered:
D:1:      shiori_arrival_oz, layout_basic, serial_shops, shop,
          nicolae_shop_behind_doors, basic_ecumenical_altar, minmay_pentomino_p4
D:2:      layout_basic, minmay_shallow_snake_nest, uniq_terence
D:3:      cheibrodos_helix_gallery, layout_rooms, grunt_temple_overflow_open
D:4:      layout_cave_pools, kennysheep_little_box, portal_sewer_entry_d,
          gammafunk_ghost_icy, minmay_quantized
D:5:      layout_gridville, mainiacjoe_overflow_divided_tiny
D:6:      layout_gridville, minmay_temple_entry_offerings, uniq_blork_the_orc,
          uniq_menkaure, uniq_sigmund
D:7:      layout_basic, gammafunk_ghost_cemetery, palyth_stone_intersect
D:8:      layout_rooms, grunt_lair_entry_orc_guard_hut
D:9:      layout_irregular_city
D:10:     nicolae_cairo_tiling_very_big, layout_rooms,
          nicolae_qazlal_eye_of_the_storm, serial_shops,
          nicolae_shop_advertising_works [nicolae_subvault_shop_adworks],
          uniq_josephine
D:11:     minmay_the_grid_4x2 [minmay_the_grid_medium_cups,
          minmay_the_grid_box_x, minmay_the_grid_x,
          minmay_the_grid_broken_lines, minmay_the_grid_fan,
          minmay_the_grid_outer_diamond, minmay_the_grid_pillar_ring,
          minmay_the_grid_prize_four_corners_diamond_b], layout_gridville,
          gammafunk_ghost_wrathful_warriors, tgw_trog
Lair:1:   layout_cave_pods, grunt_megastairs_3
Lair:2:   layout_roguey, minmay_swamp_entry_swarm, guppyfry_snake_entry_garden
Lair:3:   layout_regular_city, gammafunk_ghost_arena, amcnicky_mini_pool_medium
Lair:4:   layout_loops_ring
Lair:5:   grunt_lair_end_beastmaster, layout_hall_layers, slime_entry_2,
          nicolae_lair_grove_arrangements, lemuel_fruit_tree,
          serial_bayou_shore_b

Skill      XL: |  1  2  3  4  5  6  7  8  9 10 11 12 13 14 |
---------------+-------------------------------------------+-----
Stealth        | 3 4 5 6 7 8 9 10 11 | 11.6
Spellcasting   | 4 5 6 7 9 10 11 12 | 12.7
Dodging        | 3 4 5 6 7 8 9 10 | 10.8
Maces & Flails | 1 2 3 4 5 6 |  6.8
Conjurations   | 5 6 7 8 9 10 | 10.5
Axes           | 1 2 3 4 5 6 |  6.8
Polearms       | 1 3 4 5 6 |  6.8
Ranged Weapons | 1 5 7 8 9 10 | 10.1
Evocations     | 2 4 6 |  6.6

Action                   |  1- 3 |  4- 6 |  7- 9 | 10-12 | 13-15 || total
-------------------------+-------+-------+-------+-------+-------++-------
Melee: Dagger            |    17 |     1 |       |     3 |     7 ||    28
       Whip              |     7 |       |       |       |       ||     7
       Mace              |    14 |    15 |    52 |   110 |    58 ||   249
       Hand axe          |       |     4 |    14 |   127 |    78 ||   223
       Bite              |       |     2 |     5 |       |       ||     7
       Halberd           |       |       |    65 |   152 |   110 ||   327
       Trident           |       |       |     1 |     1 |       ||     2
       Punch             |       |       |       |     5 |     6 ||    11
       Pseudopods        |       |       |       |    47 |    81 ||   128
       Spear             |       |       |       |     4 |     5 ||     9
       Peck              |       |       |       |       |    68 ||    68
 Fire: Arbalest          |       |       |     1 |   115 |   128 ||   244
 Cast: Magic Dart        |    26 |     8 |    35 |    34 |    25 ||   128
       Poisonous Vapours |    11 |    27 |    70 |    75 |     1 ||   184
       Searing Ray       |     2 |    12 |    19 |    29 |     8 ||    70
       Fulminant Prism   |       |       |     4 |    17 |     9 ||    30
       Stone Arrow       |       |       |       |    14 |    88 ||   102
       Iskenderun's Myst |       |       |       |       |     1 ||     1
Invok: Oozemancy         |       |       |     2 |     5 |       ||     7
       Slimify           |       |       |       |     1 |       ||     1
 Abil: Evoke Invisibilit |       |       |       |     1 |       ||     1
Evoke: Wand              |       |       |     1 |       |       ||     1
  Use: Scroll            |     5 |     4 |     7 |    14 |     3 ||    33
       Potion            |       |       |     1 |     3 |     1 ||     5
 Stab: Sleeping          |     3 |     1 |     1 |     2 |     4 ||    11
       Distracted        |       |       |       |     1 |       ||     1
Armor: Robe              |     7 |     4 |    82 |       |       ||    93
       Troll leather arm |       |       |       |   188 |   138 ||   326
Dodge: Dodged            |    32 |    28 |   169 |   588 |   372 ||  1189
